 Dungeon Crawl Stone Soup version 0.28.0-53-g5a82cb258f (webtiles) character file.

Game seed: 648693712099909998

51 styxcanada the Sneak (level 3, 0/27 HPs)
             Began as a Spriggan Brigand on Aug 8, 2022.
             Slain by Grinder (5 damage)
             ... on level 3 of the Dungeon.
             The game lasted 00:06:31 (1788 turns).

styxcanada the Sneak (Spriggan Brigand)             Turns: 1788, Time: 00:06:31

Health: 0/27       AC: 21    Str:  7    XL:     3   Next: 57%
Magic:  4/4        EV:  4    Int: 18    God:
Gold:   63         SH:  0    Dex: 18    Spells: 2/2 levels left

rFire   . . .      SeeInvis +   j - +1 dagger (elec)
rCold   + . .      Faith    .   (no shield)
rNeg    . . .      Spirit   .   (armour currently unavailable)
rPois   +          Reflect  .   (helmet currently unavailable)
rElec   .          Harm     .   (cloak currently unavailable)
rCorr   .          Rampage  .   (gloves unavailable)
Will    .....      NoTele   +   (boots unavailable)
Stlth   ++++......              (no amulet)
HPRegen 0.09/turn               r - ring of protection from cold
MPRegen 0.09/turn               z - +6 ring of intelligence

@: tree-form
A: stationary, stasis, torment immunity, boosted hp, very small, no large
weapons, unfitting armour, see invisible, (speed 3)
a: no special abilities


You were on level 3 of the Dungeon.
You were a tree.
You visited 1 branch of the dungeon, and saw 3 of its levels.

You collected 63 gold pieces.

Inventory:

Hand Weapons
 a - a +2 dagger
 j - a +1 dagger of electrocution (weapon)
 x - a +0 hunting sling
Missiles
 d - 7 poisoned darts (quivered)
 e - 2 curare-tipped darts
 f - 53 stones
 h - 16 sling bullets
 i - 4 atropa-tipped darts
Armour
 b - a +1 robe (melded)
 c - a +0 cloak (melded)
Jewellery
 q - a ring of ice
 r - a ring of protection from cold (left branch)
 z - a +6 ring of intelligence (right branch)
Scrolls
 k - a scroll of amnesia
 o - a scroll of teleportation {unknown}
 t - a scroll of magic mapping {unknown}
 u - a scroll of identify {unknown}
 v - a scroll of torment {unknown}
 w - a scroll of brand weapon {unknown}
 y - a scroll of silence {unknown}
Potions
 n - a potion of brilliance {unknown}
 p - a potion of curing {unknown}
 s - a potion of ambrosia {unknown}
 A - 2 potions of resistance {unknown}


   Skills:
 * Level 1.8 Fighting
 + Level 2.3 Short Blades
 + Level 2.0 Throwing
 * Level 2.2 Dodging
 * Level 7.4 Stealth


You had 2 spell levels left.
You didn't know any spells.
Your spell library contained the following spells:

 Spells                   Type           Power      Damage    Failure   Level
 Pain                     Necr           0%         1d4       22%         1
 Agony                    Necr           0%         N/A       99%         5
 Excruciating Wounds      Necr           0%         N/A       99%         5


Dungeon Overview and Level Annotations

Branches:
Dungeon (3/15)

Altars:

Annotations:
D:3 Grinder


Innate Abilities, Weirdness & Mutations

You are a tree.
Your roots penetrate the ground, keeping you stationary.
You cannot be teleported.
You are immune to unholy pain and torment.
Your maximum health is greatly increased.
Your equipment is partially melded.
You are very small and have problems with some larger weapons.
You are too small for most types of armour.
You have supernaturally acute eyesight. (SInv)
((You cover ground extremely quickly. (Speed+++)))


Message History

You closely miss Grinder.
Grinder is moderately wounded.
Grinder gestures at you. You resist with significant effort.
You closely miss Grinder.
Grinder is moderately wounded.
Grinder barely misses you.
You hit Grinder but do no damage.
Grinder is moderately wounded.
You hit Grinder but do no damage.
Grinder is moderately wounded.
Grinder hits you.
* * * LOW HITPOINT WARNING * * *
You writhe in agony.
* * * LOW HITPOINT WARNING * * *
You hit Grinder.
Grinder is moderately wounded.
Grinder closely misses you.
You hit Grinder. Lightning courses through Grinder!
Grinder is heavily wounded.
Grinder barely misses you.
It was a potion of lignification.
You turn into a tree.
Your +0 cloak melds into your body.
Your +1 robe melds into your body.
Your roots penetrate the ground.
Grinder hits you but does no damage.
You hit Grinder but do no damage.
Grinder is heavily wounded.
Grinder hits you but does no damage.
You barely miss Grinder.
Grinder is heavily wounded.
Grinder hits you but does no damage.
You completely miss Grinder.
Grinder is heavily wounded.
Grinder hits you but does no damage.
You hit Grinder.
Grinder is heavily wounded.
Grinder hits you but does no damage.
You barely miss Grinder.
Grinder is heavily wounded.
Grinder hits you.
You die...

.... ###### #...
##. ...... #..# ..
...... ..#...#
...... ..#...### ..
...... #.#..... ..
......###.#..# #.
#.......## ####.
#♣##.#...... ....
#5##.#.##### #..
#.##...# #..
#.###..# #.. #.#
#..# #.# #.# #..#
#.# #.# ##.## #..
...####..##########
#..................


You could see Grinder.

Vanquished Creatures
  7 endoplasms
  2 giant cockroaches
  A hobgoblin (D:2)
  A jackal (D:1)
  6 kobolds
  4 quokkas (D:1)
  7 ball pythons
  A bat (D:1)
  5 frilled lizards
  7 goblins
  4 rats
45 creatures vanquished.

Notes
Turn   | Place    | Note
-------+----------+-------------------------------------------
     0 | D:1      | styxcanada the Spriggan Brigand began the quest for the
                  | Orb.
     0 | D:1      | Reached XP level 1. HP: 10/10 MP: 2/2
    57 | D:1      | Reached skill level 6 in Stealth
   147 | D:1      | Reached XP level 2. HP: 14/14 MP: 3/3
   449 | D:1      | Reached skill level 7 in Stealth
   521 | D:1      | Reached XP level 3. HP: 18/18 MP: 4/4
   983 | D:2      | Found a faded altar of an unknown god.
  1773 | D:3      | Noticed Grinder
  1788 | D:3      | Slain by Grinder

Illustrated notes

Levels and vault maps discovered:
D:1:      zaba_arrival_water, layout_basic, minmay_tromino_i4
D:2:      layout_basic, hellmonk_ecumenical_altar_run_dry
D:3:      layout_basic, lemuel_another_geyser, uniq_ijyb, uniq_grinder

Skill      XL: |  1  2 |
---------------+-------+-----
Stealth        | 6 7 |  7.4
Dodging        | 2 |  2.2
Fighting       | |  1.8
Short Blades   | |  2.3
Throwing       | |  2.0

Action                   || total
-------------------------++-------
Melee: Dagger            ||    88
Throw: Dart              ||     5
  Use: Scroll            ||     3
       Potion            ||     1
 Stab: Sleeping          ||    21
       Distracted        ||     2
Armor: Robe              ||     4
       Skin              ||     5
Dodge: Dodged            ||    44
